 Dungeon Crawl Stone Soup version 0.31-a0-799-g6bc09d0 (webtiles) character file.

Game seed: 17832617038769276336

8183 BarneyGumball the Fighter (level 11, 0/77 HPs)
             Began as an Octopode Earth Elementalist on Sept 19, 2023.
             Was a Believer of Vehumet.
             Slain by an elephant (18 damage)
             ... on level 1 of the Lair of Beasts.
             The game lasted 00:49:29 (11345 turns).

BarneyGumball the Fighter (OpEE)                   Turns: 11345, Time: 00:49:30

Health: 0/77       AC:  3    Str: 25    XL:     11   Next: 26%
Magic:  11/15      EV: 14    Int: 23    God:    Vehumet [**....]
Gold:   301        SH:  5    Dex: 12    Spells: 7/16 levels left

rFire   . . .        u - +2 trident (venom)
rCold   . . .        D - +0 buckler
rNeg    + . .        (helmet restricted)
rPois   +            (no amulet)
rElec   .            h - +6 ring of strength
rCorr   .            i - ring of poison resistance
SInv    .            q - +6 ring of strength
Will    .....        m - ring of positive energy
Stlth   +++          F - +6 ring of strength
HPRegen 0.32/turn    (no ring)
MPRegen 0.14/turn    (no ring)
                     (no ring)

%: no passive effects
@: no status effects
A: almost no armour, amphibious, 8 rings, camouflage 1, gelatinous body 1,
(nimble swimmer 1), tentacles, iridescent scales 1
a: Renounce Religion


You were on level 1 of the Lair of Beasts.
You worshipped Vehumet.
Vehumet was pleased with you.
You visited 2 branches of the dungeon, and saw 10 of its levels.

You collected 409 gold pieces.
You spent 108 gold pieces at shops.

Inventory:

Hand Weapons
 u - a +2 trident of venom (weapon)
Missiles
 b - 38 poisoned darts (quivered)
 p - 9 javelins
 x - a throwing net
 G - a curare-tipped dart
Armour
 D - a +0 buckler (worn)
Jewellery
 h - a +6 ring of strength (left tentacle)
 i - a ring of poison resistance (right tentacle)
 m - a ring of positive energy (on tentacle)
 q - a +6 ring of strength (on tentacle)
 F - a +6 ring of strength (on tentacle)
Wands
 n - a wand of charming (14)
 C - a wand of mindburst (18)
Scrolls
 c - 3 scrolls of teleportation
 f - a scroll of noise {unknown}
 g - 2 scrolls of fear
 l - a scroll of enchant armour {unknown}
 o - a scroll of immolation
 r - a scroll of enchant weapon {unknown}
 t - a scroll of amnesia {unknown}
 w - a scroll of vulnerability
 y - a scroll of fog
 z - a scroll of poison {unknown}
 A - 2 scrolls of blinking
Potions
 a - a potion of magic
 d - a potion of curing
 e - 6 potions of attraction
 j - a potion of cancellation {unknown}
 k - a potion of berserk rage {unknown}
 s - a potion of lignification
 v - 2 potions of brilliance
 E - a potion of invisibility
 H - 2 potions of mutation
 I - a potion of haste {unknown}


   Skills:
 - Level 8.0 Fighting
 + Level 7.3 Polearms
 + Level 5.4 Dodging
 - Level 4.0 Stealth
 - Level 4.0 Shields
 - Level 3.0 Spellcasting
 - Level 7.0 Conjurations
 - Level 1.0 Transmutations
 + Level 2.7 Air Magic
 - Level 7.0 Earth Magic
 - Level 3.0 Poison Magic
 - Level 4.0 Evocations


You had 7 spell levels left.
You knew the following spells:

 Your Spells              Type           Power      Damage    Failure   Level
a - Sandblast             Erth           70%        2d15      1%          1
b - Stone Arrow           Conj/Erth      70%        3d11      2%          3
c - Passwall              Tmut/Erth      17%        N/A       4%          2
d - Mephitic Cloud        Conj/Pois/Air  23%        N/A       7%          3

Your spell library contained the following spells:

 Spells                   Type           Power      Damage    Failure   Level
 Brom's Barrelling Bould  Conj/Erth      35%        2d5       8%          4
 Apportation              Tloc           6%         N/A       14%         1
 Necrotise                Necr           12%        1d4       14%         1
 Summon Small Mammal      Summ           12%        N/A       14%         1
 Petrify                  Tmut/Erth      21%        N/A       26%         4
 Fulminant Prism          Conj/Hex       9%         3d7       32%         4
 Iskenderun's Mystic Bla  Conj/Tloc      19%        2d6       32%         4
 Vampiric Draining        Necr           3%         2d6       38%         3
 Volatile Blastmotes      Fire/Tloc      6%         2d10      38%         3
 Animate Dead             Necr           3%         N/A       80%         4
 Agony                    Necr           3%         N/A       98%         5
 Haunt                    Necr/Summ      1%         N/A       100%        7
 Infestation              Necr           1%         N/A       100%        8


Dungeon Overview and Level Annotations

Branches:
Dungeon (9/15)             Temple (0/1) D:5            Lair (1/5) D:9
    Orc (0/2) D:9

Altars:
Ashenzari
Cheibriados
Elyvilon
Hepliaklqana
Kikubaaqudgha
Makhleb
Sif Muna
Vehumet
Wu Jian
Xom
Zin

Shops:
D:2 [   D:5 *

Annotations:
D:4 1 runed translucent door, exclusion: door, Crazy Yiuf
D:7 Dowan
D:9 Erica


Innate Abilities, Weirdness & Mutations

You cannot wear most types of armour.
You are amphibious.
You can wear up to eight rings at the same time.
Your skin changes colour to match your surroundings (Stealth+).
Your rubbery body absorbs attacks. (AC +1, EV +1)
((You are camouflaged when in or above water. (Stealth+)))
You have tentacles for arms and can constrict up to eight enemies at once.
You are partially covered in iridescent scales. (AC +2)


Message History

The elephant trunk-slaps you but does no damage.
The elephant closely misses you. The elephant trunk-slaps you.
The elephant tramples you.
You hold your ground!
The elephant trunk-slaps you but does no damage.
You feel much better. You block the elephant's attack.
The elephant trunk-slaps you. The elephant tramples you!
You stumble backwards!
You hit the elephant.
The elephant is severely wounded.
You puncture the elephant!
The elephant looks as sick as possible!
The elephant is severely wounded.
The elephant tramples you.
You stumble backwards!
You puncture the elephant!
The elephant looks as sick as possible!
You squeeze the elephant!
You kill the elephant!
Vehumet accepts your kill. The elephant misses you.
The elephant trunk-slaps you but does no damage.
Training target 3.0 for Poison Magic reached!
Your Poison Magic skill increases to level 3!
You puncture the elephant!
You kill the elephant!
Vehumet accepts your kill. The elephant closely misses you.
The elephant trunk-slaps you but does no damage.
You hit the elephant but do no damage.
The elephant looks as sick as possible!
You squeeze the elephant, but do no damage.
The elephant is heavily wounded.
The elephant tramples you!!
* * * LOW HITPOINT WARNING * * *
You stumble backwards!
You puncture the elephant!
The elephant looks as sick as possible!
You squeeze the elephant.
The elephant is almost dead.
The elephant tramples you.
* * * LOW HITPOINT WARNING * * *
You stumble backwards!
You puncture the elephant!
The elephant looks as sick as possible!
The elephant is almost dead.
The elephant tramples you!!
You die...

#....## #.†.#..8.#
##....## #...#.+#.##.
##....## ##...........
##†.(.####..†.#.##....
#.#...†...............
####.....(...........#
##..(((......)...##
##.Y(.(........##
#@##.#...####.#
#####....# ## ##...#
#...# #...P# #...##
#...# .#


You could see an elephant (extremely poisoned).

Vanquished Creatures
  Pikel (D:7)
  5 elephants (Lair:1)
  Joseph (D:7)
  A black mamba (Lair:1)
  A komodo dragon (Lair:1)
  A troll (D:9)
  A hornet (D:7)
  Prince Ribbit (D:7)
  Grinder (D:4)
  Sigmund (D:4)
  2 wyverns
  A basilisk (Lair:1)
  A steam dragon (D:7)
  Duvessa (D:7)
  4 water moccasins (Lair:1)
  An orc warrior (D:7)
  A black bear (D:7)
  A centaur (D:7)
  2 lemures (D:7)
  4 phantoms
  5 bullfrogs
  6 kobold brigands
  A gnoll sergeant (D:9)
  6 scorpions
  4 wights (D:7)
  4 killer bees (D:7)
  4 howler monkeys
  A jelly (D:4)
  4 orc priests
  A gnoll bouda (D:5)
  4 hounds
  A sleepcap (D:5)
  Ijyb (D:4)
  3 iguanas
  5 orc wizards
  13 gnolls
  7 adders
  A shadow imp (D:7)
  2 ufetubi
  3 dart slugs
  27 orcs
  5 ball pythons
  13 bats
  11 endoplasms
  3 giant cockroaches
  6 goblins
  5 hobgoblins
  7 jackals
  30 kobolds
  3 quokkas
  2 frilled lizards
  4 rats
224 creatures vanquished.

Vanquished Creatures (others)
  A human (D:9)
1 creature vanquished.

Grand Total: 225 creatures vanquished

Notes
Turn   | Place    | Note
-------+----------+-------------------------------------------
     0 | D:1      | BarneyGumball the Octopode Earth Elementalist began the
                  | quest for the Orb.
     0 | D:1      | Reached XP level 1. HP: 11/11 MP: 3/3
   160 | D:1      | Reached skill level 1 in Conjurations
   160 | D:1      | Reached XP level 2. HP: 17/17 MP: 3/5
   493 | D:1      | Reached XP level 3. HP: 21/21 MP: 3/6
  1242 | D:2      | Reached XP level 4. HP: 27/27 MP: 3/7
  1304 | D:2      | Found Jeulyipn's Armour Shop.
  1424 | D:2      | Learned a level 3 spell: Stone Arrow
  1752 | D:3      | Found a white marble altar of Elyvilon.
  1824 | D:3      | Noticed a phantom
  2505 | D:4      | Noticed Sigmund
  2633 | D:4      | Noticed a phantom
  2654 | D:4      | Reached XP level 5. HP: 31/31 MP: 4/8
  2698 | D:4      | Noticed Grinder
  2814 | D:5      | Entered Level 5 of the Dungeon
  2832 | D:5      | Noticed a phantom
  3031 | D:4      | Found a runed translucent door.
  3032 | D:4      | Noticed Crazy Yiuf
  3058 | D:4      | You fall into a shaft and drop 1 floor!
  3161 | D:5      | Found a burning altar of Makhleb.
  3228 | D:5      | Reached skill level 5 in Earth Magic
  3228 | D:5      | Reached XP level 6. HP: 27/36 MP: 3/9
  3970 | D:5      | Found a snail-covered altar of Cheibriados.
  3975 | D:5      | Found a glowing silver altar of Zin.
  3986 | D:5      | Reached XP level 7. HP: 41/41 MP: 5/10
  4126 | D:5      | Found Toxzacw's General Store.
  4269 | D:5      | Reached skill level 5 in Conjurations
  4972 | D:6      | Noticed a wyvern
  4973 | D:6      | Gained mutation: Your magical capacity is low. (-10% MP)
                  | [potion of mutation]
  4973 | D:6      | Gained mutation: You are weak. (Str -2) [potion of
                  | mutation]
  4980 | D:6      | Killed a wyvern
  4981 | D:6      | Reached XP level 8. HP: 29/46 MP: 1/11
  5058 | D:6      | Lost mutation: You are weak. (Str -2) [potion of mutation]
  5058 | D:6      | Lost mutation: Your magical capacity is low. (-10% MP)
                  | [potion of mutation]
  5058 | D:6      | Gained mutation: You are partially covered in iridescent
                  | scales. (AC +2) [potion of mutation]
  5133 | D:6      | Found a radiant altar of Vehumet.
  5141 | D:6      | Became a worshipper of Vehumet
  5629 | D:6      | Found an ornate altar of the Wu Jian Council.
  6082 | D:5      | Bought a potion of degeneration for 12 gold pieces
  6082 | D:5      | Bought a scroll of fear for 48 gold pieces
  6082 | D:5      | Bought a scroll of fog for 48 gold pieces
  6093 | D:5      | Found a staircase to the Ecumenical Temple.
  6303 | D:4      | Noticed Ijyb
  6314 | D:4      | Killed Ijyb
  6321 | D:4      | Learned a level 2 spell: Passwall
  6331 | D:4      | Reached skill level 1 in Fighting
  6387 | D:4      | Killed Sigmund
  6388 | D:4      | Reached skill level 3 in Fighting
  6647 | D:4      | Killed Grinder
  6648 | D:4      | Reached skill level 5 in Fighting
  6648 | D:4      | Reached XP level 9. HP: 61/61 MP: 3/13
  7154 | D:7      | Noticed Duvessa
  7169 | D:7      | Killed Duvessa
  7258 | D:7      | Reached skill level 6 in Fighting
  7590 | D:7      | Noticed Dowan
  7610 | D:7      | Noticed Joseph
  7687 | D:7      | Noticed a hornet
  7692 | D:7      | Killed a hornet
  7693 | D:7      | Reached skill level 7 in Fighting
  7693 | D:7      | Reached skill level 1 in Polearms
  7693 | D:7      | Reached skill level 1 in Evocations
  7895 | D:7      | Reached * piety under Vehumet
  7895 | D:7      | Offered knowledge of Freeze by Vehumet.
  8129 | D:7      | Identified the +1 cloak of Vaenuaqaag {Int+3}
  8452 | D:7      | Found a hazy altar of Hepliaklqana.
  8506 | D:7      | Noticed Pikel
  8528 | D:7      | Killed Pikel
  8529 | D:7      | Reached skill level 5 in Polearms
  8529 | D:7      | Reached XP level 10. HP: 45/71 MP: 1/14
  8655 | D:7      | Noticed Prince Ribbit
  8662 | D:7      | Killed Prince Ribbit
  9006 | D:7      | Found a broken altar of Ashenzari.
  9072 | D:7      | Killed Joseph
  9073 | D:7      | Reached skill level 1 in Shields
  9311 | D:8      | Found a shimmering altar of Xom.
  9596 | D:8      | Found a shimmering blue altar of Sif Muna.
  9745 | D:8      | Offered knowledge of Static Discharge by Vehumet.
  9973 | D:8      | Reached ** piety under Vehumet
 10140 | D:9      | Found a staircase to the Lair.
 10334 | D:9      | Found a staircase to the Orcish Mines.
 10373 | D:9      | Noticed Erica
 11034 | D:9      | Found an ancient bone altar of Kikubaaqudgha.
 11053 | Lair:1   | Entered Level 1 of the Lair of Beasts
 11264 | Lair:1   | Reached skill level 8 in Fighting
 11266 | Lair:1   | Offered knowledge of Mephitic Cloud by Vehumet.
 11271 | Lair:1   | Learned a level 3 spell: Mephitic Cloud
 11281 | Lair:1   | Noticed a black mamba
 11284 | Lair:1   | Killed a black mamba
 11285 | Lair:1   | Reached skill level 1 in Air Magic
 11285 | Lair:1   | Reached skill level 1 in Poison Magic
 11285 | Lair:1   | Reached XP level 11. HP: 41/77 MP: 0/15
 11308 | Lair:1   | Reached skill level 5 in Dodging
 11345 | Lair:1   | Slain by an elephant

Illustrated notes

Levels and vault maps discovered:
D:1:      wander_arrival_chamber, layout_basic, dreamdust_princess_bridge
D:2:      layout_basic, serial_shops, shop
D:3:      layout_loops_ring, elyvilon_altar_5, nrook_campfire
D:4:      layout_basic, uniq_ijyb, uniq_grinder, uniq_crazy_yiuf_cottage,
          uniq_sigmund
D:5:      layout_basic, makhleb_blood_cavern_becter,
          chequers_temple_overflow_statue_of_worship,
          minmay_temple_entry_glassed_door, serial_shops, nicolae_diamond_shop,
          eino_tiny_chamber, nicolae_nh_ransacked_shop
D:6:      layout_gridville, vehumet_crystals, overflow_temple_1_default
D:7:      layout_basic, kennysheep_little_box, lemuel_coloured_pillars_altar,
          uniq_pikel, uniq_prince_ribbit1, uniq_joseph, uniq_duvessa
D:8:      layout_basic, lemuel_round_altar, lemuel_doored_altar
D:9:      nicolae_cairo_tiling_large_dashed, layout_irregular_city,
          tgw_kikubaaqudgha, lair_entry_dummy, orc_0_dummy, uniq_erica
Lair:1:   layout_hall_layers, grunt_megastairs_5

Skill      XL: |  1  2  3  4  5  6  7  8  9 10 11 |
---------------+----------------------------------+-----
Conjurations   | 1 2 3 4 5 7 |  7.0
Earth Magic    | 4 5 6 7 |  7.0
Spellcasting   | 3 |  3.0
Stealth        | 4 |  4.0
Fighting       | 5 7 8 |  8.0
Polearms       | 5 6 7 |  7.3
Evocations     | 4 |  4.0
Dodging        | 4 5 |  5.4
Shields        | 3 4 |  4.0
Air Magic      | 1 2 |  2.7
Poison Magic   | 1 3 |  3.0
Transmutations | |  1.0

Action                     |  1- 3 |  4- 6 |  7- 9 | 10-12 || total
---------------------------+-------+-------+-------+-------++-------
  Melee: Constrict         |     1 |     2 |     8 |    19 ||    30
         Unarmed           |     1 |       |       |       ||     1
         Trident           |     1 |     5 |    43 |    96 ||   145
         Tentacles         |       |       |     7 |    23 ||    30
         Punch             |       |       |       |     1 ||     1
  Throw: Dart              |       |       |     7 |    23 ||    30
   Cast: Sandblast         |    52 |    67 |    41 |    22 ||   182
         Stone Arrow       |       |     9 |    73 |    43 ||   125
    Use: Potion            |       |       |     5 |     5 ||    10
         Scroll            |       |       |     3 |     5 ||     8
   Stab: Distracted        |       |       |       |     1 ||     1
         Sleeping          |       |       |       |     1 ||     1
         Invisible         |       |       |       |     3 ||     3
 Armour: Skin              |     1 |    21 |    40 |    44 ||   106
  Dodge: Dodged            |     5 |    29 |    35 |    30 ||    99
  Block: Buckler           |       |       |       |    10 ||    10

Table legend: (Time is in decaauts)
 A = Elapsed time spent in this place.
 B = Non-inter-level travel time spent in this place.
 C = Inter-level travel time spent in this place.
 D = Time resting spent in this place.
 E = Time spent auto-exploring this place.
 F = Levels seen in this place.
 G = Mean time per level.
                   A        B        C        D        E       F      G
               +--------+--------+--------+--------+--------+-----+--------+
         Total |  11451 |  10364 |   1087 |   2173 |   4882 |  10 | 1145.1 |
       Dungeon |  11159 |  10072 |   1087 |   2131 |   4761 |   9 | 1239.9 |
          Lair |    291 |    291 |      0 |     42 |    121 |   1 |  291.0 |
               +--------+--------+--------+--------+--------+-----+--------+

Top non-repeatable levels by time:
     D:5: 2313 daAuts
     D:7: 2162 daAuts
     D:1: 1141 daAuts
     D:3: 1086 daAuts
     D:4: 1061 daAuts
     D:6: 1009 daAuts
     D:8: 993 daAuts
     D:9: 881 daAuts
     D:2: 511 daAuts
  Lair:1: 291 daAuts
